[Event "Czech open A"]
[Site "?"]
[Date "2013.07.19"]
[Round "1.67"]
[White "Jeitz, Christian"]
[Black "Vassallo Barroche, Mauricio"]
[Result "1-0"]
[ECO "B06"]
[WhiteElo "2222"]
[BlackElo "2434"]
[PlyCount "64"]
[EventDate "2013.??.??"]
[TimeControl "6000+1270"]
[WhiteClock "0:14:38"]
[BlackClock "0:41:58"]

1. e4 g6 2. d4 Bg7 3. Nc3 d6 4. Be3 a6 5. Qd2 b5 6. Bd3 Nd7 7. a4 b4 8. Nce2
Rb8 9. c3 bxc3 10. bxc3 c5 11. Nf3 Ngf6 12. Bh6 Bxh6 13. Qxh6 cxd4 14. cxd4
Qa5+ 15. Qd2 Qxd2+ 16. Kxd2 Bb7 17. Ng3 e5 18. a5 exd4 19. Nxd4 Nc5 20. f3 Nfd7
21. f4 Nxd3 22. Kxd3 Nc5+ 23. Ke3 Kd7 24. Nf3 Bxe4 25. Nxe4 Rb3+ 26. Ke2 Nxe4
27. Rhc1 Re8 28. Nd4 Rb4 29. Kd3 Nc5+ 30. Kc3 Reb8 31. Ra3 Na4+ 32. Kd3 Nb2+
1-0

[Event "Czech open A"]
[Site "?"]
[Date "2013.07.19"]
[Round "1.68"]
[White "Kupers, Stefan"]
[Black "Triapishko, Olexandr"]
[Result "1/2-1/2"]
[ECO "B45"]
[WhiteElo "2432"]
[BlackElo "2221"]
[PlyCount "85"]
[EventDate "2013.??.??"]
[TimeControl "6000+985"]
[WhiteClock "0:25:17"]
[BlackClock "0:30:51"]

1. e4 c5 2. Nf3 e6 3. d4 cxd4 4. Nxd4 Nc6 5. Nc3 d6 6. g4 a6 7. Be3 Bd7 8. Qe2
Nge7 9. Nb3 Nc8 10. a4 Na5 11. Nd2 Be7 12. Bg2 O-O 13. O-O Qc7 14. Rfc1 Nb6 15.
Nd1 Nbc4 16. Nxc4 Nxc4 17. Bd4 Bg5 18. Ne3 Bxe3 19. Bxe3 Nxb2 20. c4 Nxa4 21.
Qd1 Nb6 22. Bxb6 Qxb6 23. c5 Qd8 24. cxd6 e5 25. Qd5 Qf6 26. Qxb7 Qxd6 27. Rd1
Bc6 28. Qxf7+ Kxf7 29. Rxd6 Rfc8 30. Ra5 Ke7 31. Rd1 Bb5 32. Bf1 Rc5 33. Bxb5
Rxb5 34. Rda1 Rxa5 35. Rxa5 Kf6 36. h4 g5 37. h5 Ke6 38. Kf1 Kd6 39. Ke2 Ra7
40. Kd3 Ra8 41. Kd2 Ra7 42. Kd3 Ra8 43. Kd2 1/2-1/2

[Event "Czech open A"]
[Site "?"]
[Date "2013.07.19"]
[Round "1.69"]
[White "Travkina, Anastasia"]
[Black "Belyakov, Bogdan"]
[Result "0-1"]
[ECO "C67"]
[WhiteElo "2216"]
[BlackElo "2430"]
[PlyCount "86"]
[EventDate "2013.??.??"]
[TimeControl "6000+1025"]
[WhiteClock "0:26:28"]
[BlackClock "1:12:40"]

1. e4 e5 2. Nf3 Nc6 3. Bb5 Nf6 4. O-O Nxe4 5. d4 Nd6 6. dxe5 Nxb5 7. a4 Nd6 8.
exd6 Bxd6 9. Re1+ Be7 10. Nc3 O-O 11. Nd5 d6 12. Nxe7+ Nxe7 13. Bg5 f6 14. Qe2
Ng6 15. Bd2 Qd7 16. Nd4 Qf7 17. Qf3 a6 18. Ra3 Ne5 19. Qf4 Bd7 20. Rg3 Rae8 21.
Ra1 Qd5 22. Bc3 Ng6 23. Qf3 Qxf3 24. Rxf3 Re4 25. Rd3 Rfe8 26. f3 R4e7 27. Rdd1
Nf4 28. Bd2 Nd5 29. a5 Ne3 30. Re1 Nc4 31. Rxe7 Rxe7 32. Bc3 c5 33. Nb3 Re2 34.
Re1 Rxe1+ 35. Bxe1 Nxb2 36. Bc3 Nd1 37. Bd2 Kf7 38. Bf4 Ke6 39. Nd2 Nb2 40. Kf1
Ba4 41. c3 Bb5+ 42. Kg1 Bd3 43. g4 Nd1 0-1

[Event "Czech open A"]
[Site "?"]
[Date "2013.07.19"]
[Round "1.70"]
[White "Rzayev, Bahruz"]
[Black "Gallien, Fabian"]
[Result "1-0"]
[ECO "C00"]
[WhiteElo "2429"]
[BlackElo "2213"]
[PlyCount "105"]
[EventDate "2013.??.??"]
[TimeControl "6000+960"]
[WhiteClock "1:17:23"]
[BlackClock "0:28:23"]

1. e4 e6 2. b3 d5 3. Bb2 dxe4 4. Nc3 Nf6 5. Qe2 Bd7 6. Nxe4 Nxe4 7. Qxe4 Bc6 8.
Qe3 Qd5 9. O-O-O Nd7 10. Nf3 Qa5 11. Kb1 Nf6 12. Ne5 Be4 13. f3 Bg6 14. a3 Nd5
15. Qf2 a6 16. Nc4 Qc5 17. Qxc5 Bxc5 18. Bxg7 Rg8 19. Bb2 O-O-O 20. d3 f6 21.
Nd2 e5 22. Ne4 Be7 23. g3 Bf5 24. Re1 Kb8 25. Bg2 h5 26. Rhf1 Bd7 27. c4 Nb6
28. f4 Bc6 29. fxe5 fxe5 30. Rf7 Nc8 31. Kc2 Be8 32. Rf5 Bd6 33. c5 Bg6 34. Rf2
Be7 35. b4 Rd5 36. Rd2 Rgd8 37. Nf2 R5d7 38. Bxe5 Bg5 39. Rdd1 Ne7 40. Be4 Bf5
41. h4 Bh6 42. Bf6 Rf8 43. Bxe7 Rxe7 44. Bxf5 Rxe1 45. Rxe1 Rxf5 46. Re8+ Ka7
47. Ne4 Rf1 48. Rc8 Rc1+ 49. Kb2 Rd1 50. Rxc7 Rxd3 51. c6 Be3 52. Rxb7+ Ka8 53.
Rd7 1-0

[Event "Czech open A"]
[Site "?"]
[Date "2013.07.19"]
[Round "1.71"]
[White "Pagerka, Martin"]
[Black "Sipila, Vilka"]
[Result "1-0"]
[ECO "B00"]
[WhiteElo "2213"]
[BlackElo "2423"]
[PlyCount "72"]
[EventDate "2013.??.??"]
[TimeControl "6000+710"]
[WhiteClock "0:10:47"]

1. e4 Nc6 2. d4 e5 3. d5 Nce7 4. Nf3 Ng6 5. h4 h5 6. g3 Bc5 7. Nc3 d6 8. Na4
Nf6 9. Bg5 Bg4 10. Bb5+ c6 11. dxc6 Qa5+ 12. Nc3 O-O 13. Bxf6 bxc6 14. Be2 gxf6
15. Nd2 Bxe2 16. Qxe2 Bb4 17. Ncb1 Bxd2+ 18. Nxd2 Rab8 19. b3 Qc3 20. Rc1 d5
21. O-O Rb4 22. Rfd1 Rd4 23. a3 Kg7 24. Qe3 Qb2 25. c3 Rxd2 26. Qxd2 Qxb3 27.
exd5 cxd5 28. Qxd5 Qxa3 29. Qc4 Qe7 30. Qe2 e4 31. c4 f5 32. Qxh5 f4 33. c5 Qe6
34. Qd5 Qh3 35. Qd7 Qxd7 36. Rxd7 Ne5 1-0

[Event "Czech open A"]
[Site "?"]
[Date "2013.07.19"]
[Round "1.72"]
[White "Jorczik, Julian Marcel"]
[Black "Sanders, Isaac"]
[Result "0-1"]
[ECO "E15"]
[WhiteElo "2422"]
[BlackElo "2210"]
[PlyCount "93"]
[EventDate "2013.??.??"]
[TimeControl "6000+1685"]
[WhiteClock "0:03:33"]
[BlackClock "0:27:47"]

1. d4 Nf6 2. Nf3 e6 3. c4 b6 4. g3 Ba6 5. Qc2 Bb7 6. Bg2 c5 7. d5 exd5 8. cxd5
Nxd5 9. O-O Be7 10. Rd1 Nc6 11. Qf5 Nf6 12. e4 d6 13. e5 Qd7 14. Qxd7+ Nxd7 15.
exd6 Bf6 16. Nc3 O-O-O 17. Bg5 h6 18. Bxf6 Nxf6 19. a3 Kb8 20. Rd2 Na5 21. Re2
Nb3 22. Rd1 Bxf3 23. Bxf3 Nd4 24. Re3 Rxd6 25. Bg2 Rhd8 26. h3 Ne2+ 27. Rxe2
Rxd1+ 28. Nxd1 Rxd1+ 29. Kh2 Kc7 30. Rc2 Rd4 31. Kg1 Kd6 32. Kf1 a5 33. Ke2 b5
34. Rc3 b4 35. axb4 axb4 36. Rc1 c4 37. Ra1 Kc5 38. Ra5+ Kb6 39. Ra8 Rd7 40.
Rb8+ Kc5 41. Rc8+ Kd4 42. Rb8 b3 43. Rc8 Nd5 44. Kd2 Nb6 45. Re8 c3+ 46. Kc1
Nc4 47. Re4+ 0-1

[Event "Czech open A"]
[Site "?"]
[Date "2013.07.19"]
[Round "1.73"]
[White "Bartos, Jan"]
[Black "Plischki, Sebastian"]
[Result "0-1"]
[ECO "E70"]
[WhiteElo "2209"]
[BlackElo "2413"]
[Annotator "Doe,John"]
[PlyCount "102"]
[EventDate "2013.??.??"]
[TimeControl "6000+655"]
[WhiteClock "0:40:34"]
[BlackClock "1:01:02"]

1. d4 Nf6 2. c4 g6 3. Nc3 Bg7 4. e4 O-O 5. Nf3 c6 6. e5 Ne8 7. Be2 d6 8. exd6
Nxd6 9. O-O Bg4 10. Qd3 Na6 11. a3 Nf5 12. d5 Nc5 13. Qd1 cxd5 14. Nxd5 Rc8 15.
Rb1 e6 16. Nb4 Qc7 17. h3 Bxf3 18. Bxf3 Rfd8 19. Qe1 a5 20. Nc2 Nd3 21. Qe4
Qxc4 22. Qxc4 Rxc4 23. Bg5 Rd7 24. Ne3 Nxe3 25. Bxe3 Nxb2 26. Bc1 Nd3 27. Bd2
Ne5 28. Bxa5 Nxf3+ 29. gxf3 Bf8 30. Rb3 Ra4 31. Bb4 Bxb4 32. axb4 Rd2 33. Rc1
Raa2 34. Rc7 Rxf2 35. Rxb7 Rg2+ 36. Kh1 Rgb2 37. Rxb2 Rxb2 38. Kg1 Kg7 39. b5
g5 40. Rb6 Kg6 41. Rb7 h5 42. b6 h4 43. Kf1 f6 44. Rb8 Kf5 45. b7 Ke5 46. Ke1
f5 47. Rg8 Rxb7 48. Rxg5 Kf4 49. Rg6 e5 50. Rh6 Kxf3 51. Rxh4 e4 0-1

[Event "Czech open A"]
[Site "?"]
[Date "2013.07.19"]
[Round "1.74"]
[White "Rojicek, Vojtech"]
[Black "Berthier, Hugo"]
[Result "1/2-1/2"]
[ECO "E62"]
[WhiteElo "2413"]
[BlackElo "2208"]
[PlyCount "114"]
[EventDate "2013.??.??"]
[TimeControl "6000+1025"]
[WhiteClock "1:01:41"]
[BlackClock "0:18:46"]

1. Nf3 Nf6 2. g3 g6 3. d4 Bg7 4. c4 d6 5. Bg2 O-O 6. O-O Nc6 7. Nc3 Bg4 8. d5
Na5 9. Nd2 c5 10. h3 Bd7 11. Qc2 Rb8 12. b3 a6 13. Rb1 b5 14. Bb2 bxc4 15. bxc4
e5 16. e4 Nh5 17. Ne2 f5 18. Bc3 Qc7 19. Rxb8 Rxb8 20. Rb1 Rxb1+ 21. Qxb1 Nb7
22. Qb3 Nf6 23. exf5 gxf5 24. f4 e4 25. Qb2 Ne8 26. Bxg7 Nxg7 27. Nf1 Nd8 28.
Ne3 h5 29. g4 fxg4 30. hxg4 Bxg4 31. Nxg4 hxg4 32. Bxe4 Qe7 33. Ng3 Nf7 34.
Qb8+ Ne8 35. Qc8 Nh6 36. Kf2 Kf7 37. Bf5 Qf6 38. Qe6+ Qxe6 39. Bxe6+ Kg6 40. a4
a5 41. Ne4 Nf5 42. Nd2 Nf6 43. Bc8 Nh5 44. Ne4 Nxf4 45. Bxf5+ Kxf5 46. Nxd6+
Ke5 47. Nb7 Nd3+ 48. Kg3 Nb2 49. Nxa5 Nxa4 50. Nc6+ Kd6 51. Nd8 Nb6 52. Nb7+
Kc7 53. Nxc5 Nxc4 54. Ne4 Nb6 55. Nf6 Nxd5 56. Nxd5+ Kd6 57. Kxg4 Kxd5 1/2-1/2

[Event "Czech open A"]
[Site "?"]
[Date "2013.07.19"]
[Round "1.75"]
[White "Bivol, Alina"]
[Black "Westerberg, Jonathan"]
[Result "1/2-1/2"]
[ECO "B22"]
[WhiteElo "2207"]
[BlackElo "2410"]
[PlyCount "142"]
[EventDate "2013.??.??"]
[TimeControl "6000+1065"]
[WhiteClock "0:30:59"]
[BlackClock "0:15:43"]

1. e4 c5 2. c3 d5 3. exd5 Qxd5 4. d4 Nf6 5. Nf3 Nc6 6. Be2 Bg4 7. c4 Qf5 8. d5
Bxf3 9. gxf3 Nd4 10. Na3 O-O-O 11. Be3 Nxe2 12. Qxe2 e6 13. dxe6 fxe6 14. Nb5
a6 15. Nc3 Be7 16. Rg1 Nd7 17. O-O-O Ne5 18. Qc2 Rxd1+ 19. Rxd1 Qxc2+ 20. Kxc2
Nxc4 21. Bc1 Rf8 22. b3 Nd6 23. f4 Kc7 24. Ne2 Nf5 25. Be3 Kc6 26. Rc1 Rd8 27.
Re1 Bd6 28. Nc3 Ne7 29. Bc1 Kd7 30. Ne4 Nd5 31. Bb2 g6 32. Ng5 h6 33. Ne4 Rf8
34. Bg7 Rxf4 35. Bxh6 Rh4 36. Bd2 Be7 37. Kd3 Rh3+ 38. Ke2 Ke8 39. Rg1 Kf7 40.
Bg5 b6 41. Rg2 Bf8 42. Bd2 Bh6 43. Bxh6 Rxh6 44. Kf3 Rh4 45. Ng5+ Ke7 46. Kg3
Rd4 47. f3 Nf4 48. Rc2 Kf6 49. Ne4+ Kf5 50. Nf2 e5 51. Ng4 Ke6 52. Ne3 Rd3 53.
Nc4 Rd1 54. h4 b5 55. Ne3 Rd3 56. Ng4 Kd5 57. Nf2 Rd4 58. Ne4 Nd3 59. Nc3+ Kc6
60. a4 Nb4 61. Rc1 Kb6 62. Ne4 Nd3 63. Rc3 b4 64. Rc2 Kc6 65. Nd2 Kd5 66. Nf1
Nf4 67. Ne3+ Kc6 68. Nc4 Rd5 69. Nxe5+ Rxe5 70. Kxf4 Rf5+ 71. Ke3 Re5+ 1/2-1/2

[Event "Czech open A"]
[Site "?"]
[Date "2013.07.19"]
[Round "1.76"]
[White "Mazur, Stefan"]
[Black "Sakovich, Igor"]
[Result "1-0"]
[ECO "B42"]
[WhiteElo "2409"]
[BlackElo "2206"]
[PlyCount "117"]
[EventDate "2013.??.??"]
[TimeControl "6000+1060"]
[WhiteClock "0:17:14"]
[BlackClock "0:23:50"]

1. e4 c5 2. Nf3 e6 3. d4 cxd4 4. Nxd4 a6 5. Bd3 Nc6 6. Nxc6 dxc6 7. Nd2 Qc7 8.
O-O e5 9. Nc4 b5 10. Ne3 Nf6 11. a4 Rb8 12. axb5 axb5 13. Qf3 Be7 14. Nf5 Bxf5
15. Qxf5 O-O 16. Bg5 g6 17. Qf3 Nh5 18. Bh6 Rfe8 19. g3 Bf8 20. Be3 Ra8 21. c4
b4 22. c5 Ng7 23. Bc4 Rab8 24. Ra6 Ne6 25. Rfa1 Rb7 26. Ra8 Qd7 27. Qg4 Kg7 28.
Rxe8 Qxe8 29. Bxe6 fxe6 30. h4 Kh8 31. Kg2 Bg7 32. Qd1 Bf8 33. Ra6 b3 34. Qa1
Kg8 35. Qa4 Rc7 36. Qxb3 Kf7 37. Qc3 Bg7 38. Qa5 Qd7 39. Ra8 Bf6 40. Bh6 Bg7
41. Bg5 Bf6 42. Bxf6 Kxf6 43. Qc3 Rc8 44. Rxc8 Qxc8 45. f4 Qb7 46. Qxe5+ Kf7
47. Qc3 Qb5 48. Kf2 Qa6 49. Ke3 Qf1 50. Kd4 Kf6 51. b3 Qe2 52. Qd3 Qb2+ 53. Kc4
Qa2 54. Qd8+ Kf7 55. Qd7+ Kf6 56. Qxc6 Qc2+ 57. Kb4 Qd2+ 58. Kb5 Qd3+ 59. Ka4
1-0

[Event "Czech open A"]
[Site "?"]
[Date "2013.07.19"]
[Round "1.77"]
[White "Srvatka, Igor"]
[Black "Ponizil, Cyril"]
[Result "0-1"]
[ECO "D85"]
[WhiteElo "2206"]
[BlackElo "2402"]
[PlyCount "96"]
[EventDate "2013.??.??"]
[TimeControl "6000+1045"]
[WhiteClock "0:03:54"]
[BlackClock "0:27:44"]

1. d4 Nf6 2. c4 g6 3. Nc3 d5 4. cxd5 Nxd5 5. Bd2 Nb6 6. Nf3 Bg7 7. e4 Bg4 8.
Be3 Nc6 9. d5 Ne5 10. Be2 Bxf3 11. gxf3 c6 12. Bd4 O-O 13. f4 Ned7 14. Bxg7
Kxg7 15. dxc6 bxc6 16. Qd4+ f6 17. O-O-O Qc7 18. Qe3 f5 19. e5 Nd5 20. Qg3 Qa5
21. Bc4 N7b6 22. Bb3 Qb4 23. Ne2 a5 24. Rd4 Qc5+ 25. Kb1 a4 26. Rc1 Qb5 27.
Bxd5 Nxd5 28. Nc3 Qb6 29. Rc4 Rfb8 30. Rc2 a3 31. b3 Nb4 32. Rd2 Rd8 33. Na4
Qb5 34. Qc3 Rxd2 35. e6+ Kg8 36. Qxd2 Nd5 37. h4 Rb8 38. Qd4 Rd8 39. Nc5 Rd6
40. Qe5 Nf6 41. Kc2 Qb6 42. b4 Ne4 43. Rd4 Qb5 44. Rxd6 Qc4+ 45. Kd1 Nxd6 46.
h5 Qxa2 47. Nd3 Qb3+ 48. Ke2 Qc2+ 0-1

[Event "Czech open A"]
[Site "?"]
[Date "2013.07.19"]
[Round "1.78"]
[White "Karavade, Eesha"]
[Black "Muhsen, Abulla Mohmmed"]
[Result "1/2-1/2"]
[ECO "A04"]
[WhiteElo "2398"]
[BlackElo "2203"]
[PlyCount "77"]
[EventDate "2013.??.??"]
[TimeControl "6000+465"]
[WhiteClock "0:32:35"]
[BlackClock "0:26:03"]

1. Nf3 f5 2. g3 g6 3. Bg2 Bg7 4. d4 Nf6 5. O-O O-O 6. b3 d6 7. Bb2 c6 8. c4 Na6
9. Nbd2 Qe8 10. Qc2 Nb4 11. Qc3 Na6 12. Qc2 Nb4 13. Qb1 a5 14. a3 Na6 15. Qc2
Be6 16. Rae1 d5 17. Ne5 Rc8 18. Nd3 Ne4 19. c5 g5 20. f3 Nf6 21. Nb1 Qd8 22.
Qd2 h6 23. Nc3 Nb8 24. b4 Nbd7 25. b5 b6 26. Rc1 bxc5 27. Nxc5 Nxc5 28. dxc5
Nd7 29. Na4 cxb5 30. Bxg7 Kxg7 31. Qb2+ Rf6 32. Qxb5 Rb8 33. Qd3 Ne5 34. Qd4
Nc6 35. Qd2 f4 36. gxf4 gxf4 37. Nb6 Qg8 38. Kh1 Kh8 39. e3 1/2-1/2

[Event "Czech open A"]
[Site "?"]
[Date "2013.07.19"]
[Round "1.79"]
[White "Drnovsek, Gal"]
[Black "Talla, Vladimir"]
[Result "0-1"]
[ECO "D58"]
[WhiteElo "2203"]
[BlackElo "2394"]
[PlyCount "52"]
[EventDate "2013.??.??"]
[TimeControl "6000+1655"]
[WhiteClock "0:14:39"]
[BlackClock "0:11:30"]

1. d4 d5 2. c4 e6 3. Nf3 Nf6 4. Nc3 Be7 5. Bg5 h6 6. Bh4 O-O 7. e3 b6 8. Be2
Bb7 9. O-O Nbd7 10. Ne5 c5 11. Bf3 cxd4 12. exd4 Ne4 13. Bxe7 Qxe7 14. cxd5
exd5 15. Bxe4 dxe4 16. Nxd7 Qxd7 17. d5 Rfd8 18. Qh5 b5 19. Rad1 f5 20. Rd4 b4
21. Rxb4 Bxd5 22. g4 Qe7 23. Rd4 Bc6 24. Rxd8+ Rxd8 25. Re1 f4 26. Nxe4 f3 0-1

[Event "Czech open A"]
[Site "?"]
[Date "2013.07.19"]
[Round "1.80"]
[White "Seger, Ruediger"]
[Black "Karasek, Lukas"]
[Result "1/2-1/2"]
[ECO "B22"]
[WhiteElo "2393"]
[BlackElo "2203"]
[PlyCount "49"]
[EventDate "2013.??.??"]
[TimeControl "6000+1825"]
[WhiteClock "0:07:01"]
[BlackClock "0:10:14"]

1. e4 c5 2. c3 d5 3. exd5 Qxd5 4. d4 Nf6 5. Nf3 Bg4 6. Be2 e6 7. h3 Bh5 8. O-O
Nc6 9. Be3 cxd4 10. cxd4 Be7 11. Nc3 Qd6 12. Qb3 O-O 13. Rfd1 Rfd8 14. a3 Rac8
15. Rac1 Qb8 16. d5 exd5 17. Nxd5 Nxd5 18. Rxd5 Bg6 19. Bc4 Bf6 20. h4 Qc7 21.
Rxd8+ Rxd8 22. Bb5 a6 23. Bf1 Rd7 24. g3 h6 25. Qa2 1/2-1/2

[Event "Czech open A"]
[Site "?"]
[Date "2013.07.19"]
[Round "1.81"]
[White "Mueer, Sebastian"]
[Black "Zwardon, Vojtech"]
[Result "1-0"]
[ECO "A37"]
[WhiteElo "2202"]
[BlackElo "2391"]
[PlyCount "55"]
[EventDate "2013.??.??"]
[TimeControl "6000+1250"]
[WhiteClock "0:07:07"]
[BlackClock "0:33:17"]

1. c4 c5 2. g3 Nc6 3. Bg2 g6 4. Nc3 Bg7 5. Nf3 d6 6. O-O Bg4 7. h3 Bd7 8. d3
Qc8 9. Kh2 h5 10. e4 h4 11. g4 Nf6 12. Nd5 Rb8 13. a4 Nxg4+ 14. hxg4 Bxg4 15.
Qe1 g5 16. Bxg5 Bxb2 17. Ra2 Bxf3 18. Bxf3 Be5+ 19. Bf4 e6 20. Bg4 f5 21. exf5
exd5 22. Bxe5 dxe5 23. cxd5 Nd4 24. Qxe5+ Kf7 25. Rg1 Qd8 26. Bh5+ Rxh5 27.
Qg7+ Ke8 28. Re1+ 1-0

[Event "Czech open A"]
[Site "?"]
[Date "2013.07.19"]
[Round "1.82"]
[White "Kourousis, Epaminondas"]
[Black "Kratochvil, Karel"]
[Result "1/2-1/2"]
[ECO "A57"]
[WhiteElo "2391"]
[BlackElo "2195"]
[PlyCount "28"]
[EventDate "2013.??.??"]
[TimeControl "6000+1055"]
[WhiteClock "0:28:24"]
[BlackClock "0:58:06"]

1. d4 Nf6 2. c4 c5 3. d5 b5 4. Bg5 e6 5. Nd2 Be7 6. dxe6 fxe6 7. cxb5 d5 8.
Ngf3 Nbd7 9. Qc2 Bb7 10. g3 O-O 11. Bg2 h6 12. Bxf6 Bxf6 13. O-O a6 14. bxa6
Bxa6 1/2-1/2

[Event "Czech open A"]
[Site "?"]
[Date "2013.07.19"]
[Round "1.84"]
[White "Yagupov, Igor"]
[Black "Jocys, Dalius"]
[Result "1-0"]
[ECO "B06"]
[WhiteElo "2389"]
[BlackElo "2186"]
[PlyCount "57"]
[EventDate "2013.??.??"]
[TimeControl "6000+1365"]
[WhiteClock "0:05:07"]
[BlackClock "0:02:16"]

1. e4 g6 2. d4 Bg7 3. Nc3 d6 4. Be3 c6 5. Qd2 b5 6. Bd3 Nf6 7. Bh6 Bxh6 8. Qxh6
b4 9. Nce2 Qa5 10. Nf3 Bg4 11. e5 dxe5 12. Nxe5 Bxe2 13. Bxe2 Nbd7 14. Nxc6 Qa4
15. Bf3 Rc8 16. d5 Nb6 17. O-O Nbxd5 18. Nd4 Qa6 19. a3 Qb6 20. Bxd5 Nxd5 21.
Qg7 Rf8 22. axb4 Nxb4 23. c3 Nd5 24. Qe5 Rd8 25. Rfe1 Rd7 26. c4 f6 27. Qe4 Nb4
28. c5 Qxc5 29. Qa8+ 1-0

[Event "Czech open A"]
[Site "?"]
[Date "2013.07.19"]
[Round "1.85"]
[White "Pechac, Jergus"]
[Black "Kanovsky, David"]
[Result "1-0"]
[ECO "E70"]
[WhiteElo "2182"]
[BlackElo "2389"]
[PlyCount "83"]
[EventDate "2013.??.??"]
[TimeControl "6000+1520"]
[WhiteClock "0:56:01"]
[BlackClock "0:24:55"]

1. d4 Nf6 2. c4 g6 3. Nc3 Bg7 4. e4 O-O 5. Nge2 d6 6. Ng3 c5 7. d5 e6 8. Be2
exd5 9. exd5 Na6 10. O-O Nc7 11. Bf4 a6 12. a4 b6 13. Qd2 Rb8 14. Nge4 Nfe8 15.
Qe3 f5 16. Ng5 Qf6 17. Nf3 Bd7 18. Rfe1 b5 19. axb5 axb5 20. cxb5 Bxb5 21. Bxb5
Nxb5 22. Nxb5 Rxb5 23. Ra7 Rb8 24. Bg5 Qxb2 25. Qe6+ Kh8 26. Be7 Nf6 27. Bxf8
Rxf8 28. Ng5 Ne4 29. Nxe4 fxe4 30. Rf7 Rxf7 31. Qxf7 Qb8 32. Qf4 Bc3 33. Rc1
Bd4 34. Qxe4 Qf8 35. Rc2 Kg7 36. g3 Qf7 37. Kg2 Qb7 38. Re2 Bf6 39. f4 Qb3 40.
g4 h6 41. Qe6 Qb5 42. Ra2 1-0

[Event "Czech open A"]
[Site "?"]
[Date "2013.07.19"]
[Round "1.86"]
[White "Nun, Jiri"]
[Black "Volodin, Viktor"]
[Result "1-0"]
[ECO "B31"]
[WhiteElo "2387"]
[BlackElo "2180"]
[PlyCount "105"]
[EventDate "2013.??.??"]
[TimeControl "6000+685"]
[WhiteClock "0:20:34"]
[BlackClock "0:27:01"]

1. e4 c5 2. Nf3 Nc6 3. Bb5 g6 4. Bxc6 dxc6 5. O-O Bg7 6. h3 Nf6 7. Nc3 O-O 8.
d3 b6 9. Be3 Re8 10. Qd2 e5 11. a3 Nd7 12. b4 cxb4 13. axb4 Nf8 14. Na4 Bb7 15.
Ra3 Ne6 16. Rfa1 Nd4 17. Ne1 f5 18. f3 f4 19. Bf2 Bf6 20. Nb2 Nb5 21. R3a2 Bh4
22. Bxh4 Qxh4 23. Nc4 Qd8 24. c3 Qd7 25. Na3 Nxa3 26. Rxa3 a6 27. Qf2 Qc7 28.
d4 Rad8 29. Rd1 exd4 30. cxd4 Qd6 31. Qa2+ Qe6 32. Qb2 Re7 33. Nd3 g5 34. Nf2
h5 35. Rad3 Red7 36. Qc3 Kh7 37. e5 Kh6 38. Ne4 c5 39. bxc5 Bxe4 40. fxe4 bxc5
41. d5 Qb6 42. e6 c4+ 43. Rd4 Rc7 44. Kh1 Qb3 45. Rc1 Rg7 46. d6 g4 47. hxg4
hxg4 48. e7 Rh8 49. Kg1 g3 50. Rxc4 Qxc3 51. R4xc3 Kg5 52. Rc8 Kh6 53. R8c5 1-0

[Event "Czech open A"]
[Site "?"]
[Date "2013.07.19"]
[Round "1.87"]
[White "Nguyen, Thai Dai Van"]
[Black "Usmanov, Vasily"]
[Result "0-1"]
[ECO "B69"]
[WhiteElo "2176"]
[BlackElo "2386"]
[PlyCount "94"]
[EventDate "2013.??.??"]
[TimeControl "6000+1625"]
[WhiteClock "0:17:57"]
[BlackClock "0:45:44"]

1. e4 c5 2. Nf3 Nc6 3. d4 cxd4 4. Nxd4 Nf6 5. Nc3 d6 6. Bg5 e6 7. Qd2 a6 8.
O-O-O Bd7 9. f4 Be7 10. Nf3 b5 11. Bxf6 gxf6 12. Kb1 b4 13. Ne2 Qb6 14. f5 Rc8
15. Nf4 a5 16. g3 Qc5 17. fxe6 fxe6 18. Bh3 Kf7 19. Rhf1 Rhg8 20. Nd5 Ke8 21.
Nxe7 Kxe7 22. Qh6 Rgf8 23. e5 Nxe5 24. Nxe5 Qxe5 25. Rfe1 Qc5 26. Bxe6 Bxe6 27.
Qxh7+ Rf7 28. Rxe6+ Kxe6 29. Re1+ Qe5 30. Rxe5+ fxe5 31. Qg6+ Rf6 32. Qg4+ Ke7
33. Qg7+ Ke6 34. b3 Rc3 35. Qg4+ Kd5 36. Qg8+ Kd4 37. Qg4+ e4 38. Qg7 Rcf3 39.
Qa7+ Kc3 40. Qc7+ Kd2 41. Qxa5 e3 42. Qxb4+ Ke2 43. Qe4 Kf1 44. Kc1 d5 45. Qe5
e2 46. Kd2 Rf2 47. Qa1+ e1=Q+ 0-1

[Event "Czech open A"]
[Site "?"]
[Date "2013.07.19"]
[Round "1.88"]
[White "Druska, Juraj"]
[Black "Zatschek, Mark"]
[Result "1-0"]
[ECO "B10"]
[WhiteElo "2385"]
[BlackElo "2174"]
[PlyCount "103"]
[EventDate "2013.??.??"]
[TimeControl "6000+1320"]
[WhiteClock "0:10:41"]
[BlackClock "0:05:25"]

1. e4 c6 2. c4 e5 3. Nf3 Qc7 4. d4 d6 5. Nc3 Bg4 6. Be2 Nf6 7. O-O Nbd7 8. Be3
Be7 9. d5 O-O 10. Rc1 Rfd8 11. Ne1 Bxe2 12. Qxe2 Nc5 13. Bxc5 dxc5 14. Nd3 Bd6
15. Qe3 b6 16. dxc6 Qxc6 17. Rfd1 Bc7 18. Ne1 Rd4 19. b3 Rad8 20. f3 a6 21. Qe2
Rxd1 22. Rxd1 Rxd1 23. Qxd1 b5 24. Qd3 bxc4 25. Qxc4 Qd6 26. Nd3 Qd4+ 27. Kf1
Qxc4 28. bxc4 Bd6 29. Ke2 Kf8 30. Kd2 Ke8 31. Kc2 Nd7 32. Kb3 Kd8 33. Nd5 Kc8
34. Ka4 Kb7 35. Ne3 g6 36. Ng4 h5 37. Nh6 f6 38. g4 hxg4 39. fxg4 Nb6+ 40. Kb3
Nd7 41. h4 Kc6 42. h5 Nf8 43. Nf7 gxh5 44. Nxd6 Kxd6 45. gxh5 Kc6 46. Ka4 Kb6
47. Nf2 Nh7 48. Ng4 a5 49. h6 Ka6 50. Ne3 Ng5 51. Nd5 Nh7 52. a3 1-0

[Event "Czech open A"]
[Site "?"]
[Date "2013.07.19"]
[Round "1.89"]
[White "Becker, Matthias"]
[Black "Arngrimsson, Dagur"]
[Result "1/2-1/2"]
[ECO "B19"]
[WhiteElo "2165"]
[BlackElo "2384"]
[PlyCount "106"]
[EventDate "2013.??.??"]
[TimeControl "6000+845"]
[WhiteClock "0:20:09"]
[BlackClock "0:31:28"]

1. e4 c6 2. d4 d5 3. Nd2 dxe4 4. Nxe4 Bf5 5. Ng3 Bg6 6. h4 h6 7. Nf3 Nd7 8. h5
Bh7 9. Bd3 Bxd3 10. Qxd3 e6 11. Bf4 Qa5+ 12. Bd2 Bb4 13. c3 Be7 14. Ne4 Ngf6
15. c4 Qc7 16. O-O-O c5 17. Nxf6+ Nxf6 18. Qe2 cxd4 19. Nxd4 Rc8 20. b3 O-O 21.
Kb1 a6 22. g4 Rfd8 23. Bc1 b5 24. cxb5 Nd5 25. Bb2 Bf6 26. Rc1 Qb6 27. Nc6 Re8
28. Bxf6 gxf6 29. Rhd1 Kg7 30. a4 Rxc6 31. bxc6 Qxb3+ 32. Qb2 Nc3+ 33. Rxc3
Qxd1+ 34. Rc1 Qxa4 35. c7 Rc8 36. g5 Qe4+ 37. Ka1 hxg5 38. h6+ Kg6 39. h7 Qa4+
40. Kb1 Kxh7 41. Qxf6 Qb5+ 42. Ka1 Qa5+ 43. Kb2 Qd2+ 44. Kb1 Qd3+ 45. Ka1 Qa3+
46. Kb1 Qb4+ 47. Ka1 Qa5+ 48. Kb2 Kg8 49. Rh1 Qb5+ 50. Ka1 Qa4+ 51. Kb2 Qb4+
52. Ka1 Qa4+ 53. Kb2 Qb4+ 1/2-1/2

[Event "Czech open A"]
[Site "?"]
[Date "2013.07.19"]
[Round "1.90"]
[White "Pasiev, Rakhim"]
[Black "Vrublevskaya, Olga"]
[Result "1-0"]
[ECO "B42"]
[WhiteElo "2384"]
[BlackElo "2156"]
[PlyCount "105"]
[EventDate "2013.??.??"]
[TimeControl "6000+1075"]
[WhiteClock "0:27:25"]
[BlackClock "0:09:25"]

1. e4 c5 2. Nf3 e6 3. d4 cxd4 4. Nxd4 a6 5. Bd3 Bc5 6. Nb3 Be7 7. Nc3 Nc6 8. f4
d6 9. O-O Nf6 10. Qf3 O-O 11. a4 Nb4 12. a5 Nxd3 13. cxd3 b5 14. e5 Nd5 15.
Nxd5 exd5 16. Be3 dxe5 17. fxe5 Qc7 18. Bb6 Qxe5 19. Rae1 Qg5 20. Rxe7 Qxe7 21.
Bc5 Qd8 22. Bxf8 Qxf8 23. d4 Be6 24. Qf4 Rc8 25. Nc5 Rc6 26. Re1 h6 27. b4 Qc8
28. Re5 Qf8 29. Qe3 Qd6 30. h3 Kf8 31. g4 Kg8 32. Kg2 Kf8 33. h4 Kg8 34. g5
hxg5 35. hxg5 Bg4 36. Qf4 Bh5 37. Qf5 g6 38. Qf4 Kg7 39. Qe3 Rc8 40. Re7 Bg4
41. Qe5+ Qxe5 42. dxe5 Rc6 43. Kg3 Bf5 44. Ra7 d4 45. Rxa6 Rc8 46. Rd6 d3 47.
a6 Rh8 48. Nxd3 Rh3+ 49. Kf4 Rh4+ 50. Ke3 Bxd3 51. Kxd3 Rxb4 52. a7 Ra4 53. Rd7
1-0

[Event "Czech open A"]
[Site "?"]
[Date "2013.07.19"]
[Round "1.91"]
[White "Nasshan, Dennis"]
[Black "Nemcova, Katerina"]
[Result "1/2-1/2"]
[ECO "B51"]
[WhiteElo "2155"]
[BlackElo "2382"]
[PlyCount "101"]
[EventDate "2013.??.??"]
[TimeControl "6000+860"]
[WhiteClock "0:03:46"]
[BlackClock "0:08:41"]

1. e4 c5 2. Nf3 d6 3. Bb5+ Nd7 4. O-O Ngf6 5. Re1 a6 6. Bf1 g6 7. c3 Bg7 8. h3
Ne5 9. d3 O-O 10. Be3 b6 11. Nbd2 Bb7 12. a4 Qc7 13. Qb1 Ned7 14. d4 e5 15. d5
Nh5 16. Nh2 f5 17. f3 Rf7 18. b4 Kh8 19. a5 b5 20. c4 bxc4 21. Nxc4 Rb8 22. Nb6
Ng3 23. Bd3 fxe4 24. fxe4 Nxb6 25. axb6 Qxb6 26. bxc5 Qd8 27. Qb6 dxc5 28.
Qxd8+ Rxd8 29. Bf2 Nh5 30. Bxa6 Bxa6 31. Rxa6 Nf4 32. Be3 Nd3 33. Rf1 Rc7 34.
Ra3 Nf4 35. Re1 c4 36. Bb6 Rcd7 37. Bxd8 Rxd8 38. Rc3 Rc8 39. Ng4 Bf8 40. Rc2
Bc5+ 41. Kh2 Bd4 42. Rf1 h5 43. Nf2 h4 44. Ng4 c3 45. g3 hxg3+ 46. Kxg3 Rf8 47.
Rb1 Nd3 48. Re2 Nf4 49. Rc2 Nd3 50. Re2 Nf4 51. Rc2 1/2-1/2